 Dungeon Crawl Stone Soup version 0.32-a0-350-g4f4d228785 (webtiles) character file.

Game seed: 16404999325825370933

73476 jasper the Severer (level 15, -2/126 (133) HPs)
             Began as a Mountain Dwarf Fighter on Feb 17, 2024.
             Was the Champion of Cheibriados.
             Slain by a bone dragon (5 damage)
             ... on level 1 of the Abyss.
             The game lasted 00:30:53 (21006 turns).

jasper the Severer (Mountain Dwarf Fighter)        Turns: 21006, Time: 00:30:54

HP:   -2/126 (133)  AC: 34    Str: 35      XL:     15   Next: 4%
MP:   24/24         EV: 24    Int: 27 (28) God:    Cheibriados [******]
Gold: 1291          SH:  0    Dex: 25      Spells: 5/18 levels left

rFire   . . .        I - +1 broad axe (elec)
rCold   + . .        c - +0 buckler
rNeg    . . .        H - +18 Lear's hauberk
rPois   .            (helmet currently unavailable)
rElec   .            (no cloak)
rCorr   .            (gloves currently unavailable)
SInv    .            (boots currently unavailable)
Will    +....        M - amulet of the acrobat Stlth
                     Q - ring of Plog {rC+ Dex+3}
HPRegen 0.00/turn    G - +4 ring of protection
MPRegen 0.19/turn

%: acrobat
@: confused, about to teleport, ambrosia-drunk, acrobatic, sick, drained, very
slow
A: runic magic, artefact enchanting, clumsy 1, [deterioration 2], [dopey 1], [no
potion heal 2], [subdued magic 2]
a: Renounce Religion, Bend Time, Temporal Distortion, Slouch, Step From Time


You were on level 1 of the Abyss.
You worshipped Cheibriados.
Cheibriados was exalted by your worship.
You visited 4 branches of the dungeon, and saw 19 of its levels.
You visited the Abyss 1 time.
You also visited: Bailey.

You collected 1543 gold pieces.
You spent 252 gold pieces at shops.

Inventory:

Hand Weapons
 a - a +0 war axe of electrocution
 t - a +0 flail
 u - a +0 whip of venom
 A - a +3 war axe of flaming
 I - a +1 broad axe of electrocution (weapon)
Missiles
 p - 41 poisoned darts
 w - 10 boomerangs (quivered)
 J - 3 atropa-tipped darts
 O - 10 throwing nets
 V - 2 curare-tipped darts
Armour
 b - a +0 scale mail
 c - a +0 buckler (worn)
 l - a +0 pair of boots
 q - a +1 helmet
 B - a +0 pair of gloves
 H - the +18 Lear's hauberk (worn)
   (You found it on level 8 of the Dungeon)
Magical Staves
 S - a staff of fire
Jewellery
 g - a ring of magical power
 x - a +6 ring of intelligence
 E - a ring of protection from cold
 G - a +4 ring of protection (right hand)
 M - an amulet of the acrobat (around neck)
 Q - the ring of Plog (left hand) {rC+ Dex+3}
   (You took it off a gnoll sergeant in a bailey)

   [ring of protection from cold]

   Dex+3:     It affects your dexterity (+3).
   rC+:       It protects you from cold.
 T - a +6 ring of intelligence
Wands
 h - a wand of charming (31)
 y - a wand of polymorph (8)
 F - a wand of roots (20)
 L - a wand of light (13)
 P - a wand of mindburst (12)
Scrolls
 m - 2 scrolls of teleportation
 n - 6 scrolls of enchant armour
 o - 6 scrolls of fear
 r - 2 scrolls of fog
 C - 4 scrolls of vulnerability
 K - 3 scrolls of immolation
 N - 2 scrolls of poison
 U - a scroll of summoning
 W - 2 scrolls of revelation
 X - a scroll of enchant weapon
 Y - 6 scrolls of identify
Potions
 d - 5 potions of might
 e - 4 potions of enlightenment
 f - 3 potions of curing
 i - 4 potions of lignification
 j - 3 potions of cancellation
 k - 3 potions of brilliance
 s - 2 potions of heal wounds
 v - 3 potions of haste
 z - 3 potions of mutation
Miscellaneous
 R - a phial of floods


   Skills:
 + Level 12.2 Fighting
 - Level 18.0 Axes
 + Level 12.2 Armour
 - Level 3.2 Shields
 - Level 2.0 Spellcasting
 - Level 2.0 Conjurations
 - Level 7.0 Summonings
 - Level 5.0 Translocations
 - Level 8.0 Fire Magic
 - Level 6.0 Air Magic
 - Level 7.0 Alchemy
 - Level 12.0 Invocations


You had 5 spell levels left.
You knew the following spells:

 Your Spells              Type           Power      Damage    Failure   Level
a - Blink                 Tloc           36%        N/A       1%          2
b - Ignite Poison         Fire/Alch      27%        N/A       3%          4
c - Mephitic Cloud        Conj/Alch/Air  18%        N/A       3%          3
d - Summon Lightning Spi  Summ/Air       23%        N/A       6%          4

Your spell library contained the following spells:

 Spells                   Type           Power      Damage    Failure   Level
 Cigotuvi's Dreadful Rot  Necr/Alch/Air  32%        N/A       1%          2
 Lesser Beckoning         Tloc           36%        N/A       1%          2
 Mercury Vapours          Alch/Air       46%        N/A       1%          2
 Momentum Strike          Conj/Tloc      26%        3d8       2%          2
 Static Discharge         Conj/Air       30%        3-5/arc   2%          2
 Inner Flame              Hex/Fire       15%        N/A       5%          3
 Airstrike                Air            11%        2d(2-18)  8%          4
 Freeze                   Ice            4%         1d3       10%         1
 Manifold Assault         Tloc           18%        N/A       13%         4
 Hailstorm                Conj/Ice       5%         3d5       21%         3
 Frozen Ramparts          Ice            2%         1d1       30%         3
 Irradiate                Conj/Alch      8%         3d14      43%         5
 Freezing Cloud           Conj/Ice/Air   5%         6-21      71%         5
 Dispersal                Tloc           9%         N/A       92%         6
 Disjunction              Tloc           9%         N/A       100%        8
 Ignition                 Fire           14%        3d6       100%        8


Dungeon Overview and Level Annotations

Branches:
Dungeon (11/15)            Temple (0/1) D:6            Lair (5/5) D:9
  Swamp (0/4) Lair:2       Spider (1/4) Lair:2        Slime (0/5) Lair:4
    Orc (2/2) D:9          Bailey (visited)
    Elf: Orc:2

Altars:
Cheibriados
Dithmenos
Nemelex Xobeh
Qazlal
Yredelemnul
Beogh

Shops:
D:9 !

Annotations:
Orc:2 Erolcha


Innate Abilities, Weirdness & Mutations

Your spellcasting is much less encumbered by armour.
You can use scrolls of enchantment on lesser artefacts.
You are clumsy. (Dex -2)
[Your body often deteriorates upon taking damage.]
[You are dopey. (Int -2)]
[Potions cannot restore your health.]
[Your spells are easier to cast, but less powerful.]


Message History

You now have 14/24 mp.
Blink to where?
Press: ? - help, Dir - move target An ancient zyme comes into view.
As you read the scroll of blinking, it crumbles to dust.
Okay, then.
Aiming: Bolt of Light
Press: ? - help, Shift-Dir - straight line, f - you
Okay, then.
The ancient zyme completely misses you. The ancient zyme barely misses you.
You feel yourself growing ill in the presence of the ancient zyme.
A smoke demon comes into view.
The ancient zyme closely misses you. x2; The smoke demon moves out of view.
Aiming: Bolt of Light
Press: ? - help, Shift-Dir - straight line, f - ancient zyme
Aim: an ancient zyme (86% to hit)
Okay, then.
Unknown command.
As you read the scroll of teleportation, it crumbles to dust.
You feel strangely unstable.
You feel the power of the Abyss delaying your translocation!
You block the ancient zyme's attack.
The ancient zyme hits you but does no damage.
You are confused.
Your system rejects the healing.
You feel invigorated. The ancient zyme hits you.
* * * LOW HITPOINT WARNING * * *
The ancient zyme hits you but does no damage.
You feel ill.
You take 3 damage, and have 8/126 hp.
You regained 4 mp, and now have 19/24 mp.
The bone dragon completely misses you. The bone dragon misses you.
The bone dragon tramples you.
* * * LOW HITPOINT WARNING * * *
You hold your ground!
The ancient zyme hits you but does no damage.
The ancient zyme completely misses you. The bone dragon closely misses you. x2
The bone dragon tramples you.
You die...
Cheibriados appreciates the motionlessness of death.

.> ##.# ...## #
# .. #...#.#. #
##..#.#.# ###..
##.
##..#....#....#
##... #.
#.#x...# ..#.#
. .#.@#.###
#.#.## ..#D.###
#.#..#...#..
#.....#..###
#.#....##
##.####.#
#...†#..#
#...### . ...
#. .# ....


You could see a bone dragon and an ancient zyme.

Vanquished Creatures
  Saint Roka (Orc:2)
  Nessos (Lair:4)
  Snorg (D:11)
  A dire elephant (Lair:5)
  A bunyip (Abyss:1)
  A fire dragon (Lair:5)
  Josephine (D:10)
  4 hydras
  Erica (D:9)
  2 catoblepae
  7 two-headed ogres
  3 boulder beetles
  3 death yaks (Lair:5)
  A wretched star (Abyss:1)
  A pharaoh ant (Lair:2)
  An orb spider (Lair:2)
  A large abomination (Abyss:1)
  6 lindwurms
  An orc sorcerer (Orc:2)
  3 manticores
  A cyclops (D:11)
  14 elephants
  6 black mambas
  6 torpor snails (Lair:5)
  2 smoke demons (Abyss:1)
  A centaur skeleton (Abyss:1)
  12 cane toads
  11 komodo dragons
  6 rime drakes
  Psyche (D:10)
  3 trolls
  2 polar bears
  4 tyrant leeches (Lair:5)
  2 tarantellas (Lair:2)
  4 raiju (Abyss:1)
  2 dream sheep (Lair:5)
  15 blink frogs
  7 hornets (Lair:5)
  2 jumping spiders (Lair:2)
  5 wraiths (D:10)
  5 shadows
  3 basilisks
  46 yaks
  8 wyverns
  Grum (D:10)
  A warg (Orc:2)
  4 neqoxecs (Abyss:1)
  A steam dragon (D:9)
  A chaos spawn (Abyss:1)
  7 small abominations (Abyss:1)
  13 water moccasins
  3 acid dragons
  5 orc warriors
  An ice beast (D:6)
  2 black bears
  4 laughing skulls (Abyss:1)
  6 ogres
  23 wolves
  4 centaurs
  4 kobold brigands
  14 bullfrogs
  2 scorpions (D:5)
  10 gnoll sergeants
  A wight (D:9)
  5 howler monkeys
  2 lava snakes (Lair:2)
  A quasit (Abyss:1)
  2 jellies
  7 bombardier beetles
  8 gnoll boudas
  11 orc priests
  An iron imp (Abyss:1)
  4 hounds
  8 iguanas
  13 orc wizards
  A sleepcap (D:6)
  9 hell rats (Lair:5)
  A nameless horror (Lair:5)
  30 gnolls
  8 adders
  2 shadow imps (D:6)
  4 white imps
  6 ufetubi
  3 ribbon worms
  A dart slug (D:1)
  51 orcs
  5 ball pythons
  5 endoplasms
  5 giant cockroaches
  6 goblins
  6 hobgoblins
  2 jackals (D:1)
  14 kobolds
  4 quokkas
  4 bats
  2 frilled lizards (D:3)
  4 rats
551 creatures vanquished.

Vanquished Creatures (collateral kills)
  A hydra (Lair:5)
  An elephant (Lair:5)
  A kobold blastminer (Orc:1)
  A rime drake (Lair:5)
  A komodo dragon (Lair:5)
  A hornet (Lair:5)
  A wyvern (Lair:5)
  2 orc warriors
  2 wolves (Lair:5)
  A hell rat (Lair:5)
  An orc (Orc:1)
13 creatures vanquished.

Vanquished Creatures (others)
  A yak (Lair:3)
  A gnoll (D:5)
2 creatures vanquished.

Grand Total: 566 creatures vanquished

Notes
Turn   | Place    | Note
-------+----------+-------------------------------------------
     0 | D:1      | jasper the Mountain Dwarf Fighter began the quest for the
                  | Orb.
     0 | D:1      | Reached XP level 1. HP: 19/19 MP: 1/1
   191 | D:1      | Reached skill level 3 in Axes
   305 | D:1      | Reached XP level 2. HP: 24/26 MP: 2/2
   768 | D:1      | You fall into a shaft and drop 1 floor!
   844 | D:2      | Reached skill level 4 in Axes
  1081 | D:2      | Reached XP level 3. HP: 29/31 MP: 3/3
  1604 | D:1      | Reached skill level 5 in Axes
  1666 | D:1      | Reached XP level 4. HP: 38/38 MP: 4/4
  2116 | D:3      | Reached skill level 6 in Axes
  2217 | D:3      | Reached XP level 5. HP: 45/45 MP: 5/5
  2547 | D:3      | Reached skill level 7 in Axes
  3182 | D:4      | Reached XP level 6. HP: 42/51 MP: 6/6
  3186 | D:4      | Reached skill level 8 in Axes
  3821 | D:4      | Reached skill level 9 in Axes
  3902 | D:5      | Entered Level 5 of the Dungeon
  4517 | D:5      | Reached XP level 7. HP: 42/57 MP: 7/7
  4601 | D:5      | Found a snail-covered altar of Cheibriados.
  4610 | D:5      | Became a worshipper of Cheibriados the Contemplative
  4750 | D:5      | Reached skill level 10 in Axes
  5052 | D:5      | Found a stormy altar of Qazlal.
  5058 | D:5      | Learned a level 2 spell: Blink
  5095 | D:5      | Reached skill level 11 in Axes
  5308 | D:5      | Reached * piety under Cheibriados
  5309 | D:5      | Reached skill level 12 in Axes
  5472 | D:6      | Reached XP level 8. HP: 58/66 MP: 8/8
  5697 | D:6      | Found a staircase to the Ecumenical Temple.
  5752 | D:6      | Reached skill level 13 in Axes
  6381 | D:7      | Reached skill level 14 in Axes
  6537 | D:7      | Reached ** piety under Cheibriados
  6594 | D:7      | Reached skill level 15 in Axes
  6728 | D:7      | Reached skill level 16 in Axes
  7071 | D:7      | Reached skill level 1 in Translocations
  7080 | D:7      | Reached XP level 9. HP: 70/72 MP: 9/9
  7292 | D:8      | Reached skill level 5 in Fighting
  7292 | D:8      | Reached skill level 5 in Armour
  7444 | D:8      | Found a sparkling altar of Nemelex Xobeh.
  7458 | D:8      | Noticed a troll
  7473 | D:8      | Killed a troll
  7556 | D:8      | Found the +18 Lear's hauberk
  7827 | D:8      | Found a basalt altar of Yredelemnul.
  8198 | D:8      | Identified a scroll of acquirement
  8198 | D:8      | Acquired a +1 broad axe of electrocution
  8378 | D:9      | Noticed Erica
  8378 | D:9      | Noticed a two-headed ogre
  8422 | D:9      | Found Gises's Distillery.
  8426 | D:9      | Found a flagged portal.
  8427 | D:9      | Bought a potion of might for 56 gold pieces
  8427 | D:9      | Bought a potion of curing for 42 gold pieces
  8427 | D:9      | Bought a potion of heal wounds for 70 gold pieces
  8427 | D:9      | Bought a potion of lignification for 42 gold pieces
  8427 | D:9      | Bought a potion of lignification for 42 gold pieces
  8434 | D:9      | Reached *** piety under Cheibriados
  8445 | Bailey   | Entered a bailey
  8732 | Bailey   | Reached skill level 5 in Translocations
  8836 | Bailey   | Reached XP level 10. HP: 50/84 MP: 10/10
  8933 | Bailey   | Identified the ring of Plog {rC+ Dex+3}
  8939 | Bailey   | Reached **** piety under Cheibriados
  9301 | D:9      | Killed Erica
  9518 | D:9      | Killed a two-headed ogre
  9529 | D:9      | Reached ***** piety under Cheibriados
  9671 | D:9      | Reached XP level 11. HP: 73/99 MP: 11/11
  9751 | D:9      | Found a staircase to the Lair.
  9938 | D:9      | Noticed a two-headed ogre
  9938 | D:9      | Noticed a two-headed ogre
  9949 | D:9      | Killed a two-headed ogre
  9950 | D:9      | Reached skill level 10 in Fighting
  9950 | D:9      | Reached skill level 10 in Armour
  9950 | D:9      | Reached skill level 1 in Invocations
  9952 | D:9      | Killed a two-headed ogre
  9955 | D:9      | Noticed a two-headed ogre
  9966 | D:9      | Killed a two-headed ogre
  9967 | D:9      | Reached skill level 5 in Invocations
 10286 | D:9      | Found a shadowy altar of Dithmenos.
 10343 | D:9      | Found a staircase to the Orcish Mines.
 10478 | D:9      | Reached ****** piety under Cheibriados
 10710 | D:10     | Entered Level 10 of the Dungeon
 10747 | D:10     | Noticed Grum
 10753 | D:10     | Killed Grum
 10789 | D:10     | Noticed Psyche
 10795 | D:10     | Killed Psyche
 10804 | D:10     | Noticed a two-headed ogre
 10811 | D:10     | Killed a two-headed ogre
 10947 | D:10     | Identified the +0 robe "Tionic" {*Slow +Blink Fly rPois}
 11164 | D:10     | Noticed Josephine
 11168 | D:10     | Reached skill level 10 in Invocations
 11176 | D:10     | Killed Josephine
 11195 | D:10     | Learned a level 4 spell: Manifold Assault
 11199 | D:10     | Learned a level 3 spell: Mephitic Cloud
 11702 | D:11     | Reached XP level 12. HP: 106/106 MP: 21/21
 11708 | D:11     | Noticed Snorg
 11709 | D:11     | Noticed a two-headed ogre
 11718 | D:11     | Killed a two-headed ogre
 11724 | D:11     | Killed Snorg
 11741 | D:11     | Reached skill level 17 in Axes
 12429 | Lair:1   | Entered Level 1 of the Lair of Beasts
 12673 | Lair:1   | Reached skill level 18 in Axes
 12830 | Lair:1   | Reached skill level 1 in Conjurations
 12830 | Lair:1   | Reached skill level 1 in Alchemy
 12911 | Lair:1   | Reached skill level 1 in Air Magic
 13373 | Lair:1   | Noticed a six-headed hydra
 13382 | Lair:1   | Killed a three-headed hydra
 13768 | Lair:1   | Learned a level 4 spell: Ignite Poison
 13801 | Lair:2   | Reached skill level 1 in Fire Magic
 13823 | Lair:2   | Found a runed translucent door.
 14103 | Lair:2   | Noticed a six-headed hydra
 14113 | Lair:2   | Killed a two-headed hydra
 14209 | Lair:2   | Found a staircase to the Swamp.
 14270 | Lair:2   | Reached XP level 13. HP: 109/113 MP: 22/22
 14546 | Lair:2   | Found a hole to the Spider Nest.
 14550 | Lair:2   | Reached skill level 5 in Alchemy
 14743 | Lair:2   | Reached skill level 5 in Fire Magic
 14883 | Lair:2   | Found a runed translucent gate.
 14883 | Lair:2   | Found a runed translucent gate.
 14883 | Lair:2   | Found a runed translucent gate.
 14883 | Lair:2   | Found a runed translucent gate.
 14883 | Lair:2   | Found a runed translucent gate.
 14883 | Lair:2   | Found a runed translucent gate.
 15212 | Lair:2   | Identified the +7 whip "Zossot" {drain, rF+ rN+ Will+ Str-5
                  | SInv}
 15287 | Spider:1 | Entered Level 1 of the Spider Nest
 16546 | Lair:4   | Noticed Nessos
 16559 | Lair:4   | Killed Nessos
 16560 | Lair:4   | Reached skill level 1 in Spellcasting
 16579 | Lair:4   | Learned a level 4 spell: Summon Lightning Spire
 16718 | Lair:4   | Reached skill level 1 in Summonings
 17109 | Lair:4   | Found a staircase to the Slime Pits.
 17436 | Lair:5   | Entered Level 5 of the Lair of Beasts
 17685 | Lair:5   | Reached XP level 14. HP: 74/121 MP: 23/23
 17715 | Lair:5   | Reached skill level 5 in Summonings
 17741 | Lair:5   | Reached skill level 5 in Air Magic
 18074 | Lair:5   | Paralysed by a hornet for 2 turns
 19805 | Orc:1    | Entered Level 1 of the Orcish Mines
 19819 | Orc:1    | Found a roughly hewn altar of Beogh.
 20160 | Orc:2    | Entered Level 2 of the Orcish Mines
 20160 | Orc:2    | Noticed Saint Roka
 20169 | Orc:2    | Noticed Erolcha
 20177 | Orc:2    | Killed Saint Roka
 20186 | Abyss:1  | Found a corrupted altar of Lugonu.
 20186 | Abyss:1  | Found a corrupted altar of Lugonu.
 20186 | Abyss:1  | Cast into level 1 of the Abyss (Erolcha)
 20949 | Abyss:1  | Gained mutation: You are clumsy. (Dex -2) [a neqoxec]
 20963 | Abyss:1  | Reached XP level 15. HP: 78/122 MP: 24/24
 20979 | Abyss:1  | Noticed a bone dragon
 21006 | Abyss:1  | HP: 3/126 [bone dragon (5)]
 21006 | Abyss:1  | Slain by a bone dragon

Illustrated notes

Levels and vault maps discovered:
D:1:      lemuel_arrival_cross, layout_loops_corners, corexii_corridor_pit
D:2:      layout_basic, kennysheep_generic_room_10
D:3:      minmay_wonky_spiral, layout_basic, minivault_26
D:4:      layout_gridville
D:5:      layout_basic, nicolae_qazlal_scattered_showers, slow_altar_2,
          serial_bayou_lake_a
D:6:      layout_basic, minmay_temple_entry_tees, dk_vineyard_1
D:7:      layout_loops_corners
D:8:      layout_basic, nemelex_xobeh_ov_fountains_minmay,
          yredelemnul_altar_generic, hellmonk_guarded_unrand_lears
D:9:      layout_gridville, lemuel_doored_altar, erik_lair_dragon,
          hiddenorc2_lemuel, serial_shops, nicolae_shop_tiny_waterfront,
          enter_bailey_5, kennysheep_kite_vault, uniq_erica
D:10:     layout_gridville, kennysheep_boxes, uniq_psyche, uniq_grum,
          uniq_josephine
D:11:     layout_long_grid, gauntlet_entry_generic, st_stairs_8, uniq_snorg
Lair:1:   cheibrodos_lair_river_kwai, layout_regular_city, grunt_megastairs_2
Lair:2:   gammafunk_indiana_jones, layout_regular_city, swamp_mist_pool,
          nicolae_spider_entry_orb_guardian
Lair:3:   layout_cave_pods, nicolae_quartered_pool_impasse, grunt_megastairs_4,
          serial_bayou_shore_b, lemuel_fruit_tree, infiniplex_staircase_pool_2
Lair:4:   layout_regular_city, dpeg_slime_entry_enclosed, uniq_nessos
Lair:5:   hangedman_lair_in_review, layout_gridlike, wormcave
Spider:1: layout_spider_delve
Orc:1:    layout_diamond_mine, basic_altar
Orc:2:    st_orc_open, layout_caves, nicolae_orc_seminary, uniq_erolcha,
          uniq_saint_roka, uniq_urug
Abyss:1:  base:
D:11

Skill      XL: |  1  2  3  4  5  6  7  8  9 10 11 12 13 14 |
---------------+-------------------------------------------+-----
Axes           | 3 4 5 6 7 9 12 16 18 | 18.0
Armour         | 4 6 9 10 12 | 12.2
Fighting       | 4 6 9 10 12 | 12.2
Translocations | 1 5 |  5.0
Invocations    | 12 | 12.0
Conjurations   | 2 |  2.0
Alchemy        | 4 7 |  7.0
Air Magic      | 2 4 6 |  6.0
Fire Magic     | 3 8 |  8.0
Spellcasting   | 2 |  2.0
Summonings     | 4 7 |  7.0
Shields        | |  3.2

Action                     |  1- 3 |  4- 6 |  7- 9 | 10-12 | 13-15 || total
---------------------------+-------+-------+-------+-------+-------++-------
  Melee: War axe           |    89 |   194 |   209 |    12 |    13 ||   517
         Broad axe         |       |       |    64 |   387 |   528 ||   979
  Throw: Stone             |     4 |    15 |    12 |       |       ||    31
         Boomerang         |       |       |    33 |    14 |     7 ||    54
   Cast: Mephitic Cloud    |       |       |       |       |    15 ||    15
         Ignite Poison     |       |       |       |       |     8 ||     8
         Summon Lightning  |       |       |       |       |     9 ||     9
         Blink             |       |       |       |       |     1 ||     1
 Invoke: Slouch            |       |       |       |       |     7 ||     7
  Evoke: Wand              |       |       |       |     1 |     3 ||     4
    Use: Scroll            |     7 |     7 |     9 |     4 |     2 ||    29
         Potion            |       |     1 |       |     2 |     5 ||     8
   Stab: Distracted        |       |       |       |     1 |     4 ||     5
         Petrified         |       |       |       |       |     4 ||     4
 Armour: Scale mail        |    52 |   139 |   135 |       |       ||   326
         Chain mail        |       |       |    96 |   356 |   483 ||   935
  Dodge: Dodged            |    55 |    92 |   157 |   291 |   318 ||   913
  Block: Buckler           |    18 |    29 |    84 |   137 |   169 ||   437

Table legend: (Time is in decaauts)
 A = Elapsed time spent in this place.
 B = Non-inter-level travel time spent in this place.
 C = Inter-level travel time spent in this place.
 D = Time resting spent in this place.
 E = Time spent auto-exploring this place.
 F = Levels seen in this place.
 G = Mean time per level.
                   A        B        C        D        E       F      G
               +--------+--------+--------+--------+--------+-----+--------+
         Total |  28442 |  26983 |   1459 |   3184 |  19439 |  21 | 1354.4 |
       Dungeon |  14817 |  13954 |    863 |   1468 |  10083 |  11 | 1347.0 |
          Lair |  10988 |  10445 |    543 |    848 |   8311 |   5 | 2197.6 |
   Spider Nest |      1 |      1 |      0 |      0 |      0 |   1 |    1.0 |
  Orcish Mines |    709 |    657 |     52 |      0 |    585 |   2 |  354.5 |
         Abyss |    854 |    854 |      0 |    647 |      0 |   1 |  854.0 |
        Bailey |   1071 |   1071 |      0 |    220 |    459 |   1 | 1071.0 |
               +--------+--------+--------+--------+--------+-----+--------+

Top non-repeatable levels by time:
  Lair:5: 2828 daAuts
  Lair:2: 2357 daAuts
     D:9: 2111 daAuts
  Lair:1: 2087 daAuts
  Lair:4: 1886 daAuts
  Lair:3: 1829 daAuts
     D:8: 1776 daAuts
     D:5: 1544 daAuts
    D:10: 1484 daAuts
    D:11: 1400 daAuts
     D:7: 1394 daAuts
     D:1: 1204 daAuts
     D:3: 1139 daAuts
  Bailey: 1071 daAuts
     D:6: 1025 daAuts
